 Dungeon Crawl Stone Soup version 0.21.1-1-g345015f (webtiles) character file.

4778 inc the Thaumaturge (level 10, -3/65 HPs)
             Began as an Octopode Conjurer on Mar 16, 2018.
             Was an Initiate of Gozag.
             Slain by an orc warrior
             ... wielding a +0 flail
              (8 damage)
             ... on level 8 of the Dungeon.
             The game lasted 00:19:01 (10542 turns).

inc the Thaumaturge (Octopode Conjurer)            Turns: 10542, Time: 00:19:02

Health: -3/65      AC:  1    Str: 12    XL:     10   Next: 47%
Magic:  1/24       EV: 21    Int: 20    God:    Gozag
Gold:   792        SH:  0    Dex: 14    Spells: 22/29 levels left

rFire    + . .     SeeInvis .   v - +1 dagger (speed)
rCold    + . .     Gourm    .   (no shield)
rNeg     . . .     Faith    .   (helmet restricted)
rPois    .         Spirit   .   (no amulet)
rElec    .         Reflect  .   p - ring of Phasing {EV+8}
rCorr    .         Harm     .   s - ring of protection from fire
MR       .....                  h - ring of protection from cold
Stlth    +++.......             (no ring)
HPRegen  0.20/turn              (no ring)
MPRegen  0.19/turn              (no ring)
                                (no ring)
                                (no ring)

@: mighty, slowed, very slow
A: almost no armour, stealthy swim, amphibious, 8 rings, constrict 8, camouflage
1, gelatinous body 1
a: Potion Petition, Call Merchant, Bribe Branch, Renounce Religion


You were on level 8 of the Dungeon.
You worshipped Gozag.
Gozag was pleased with you.
You were not hungry.

You visited 2 branches of the dungeon, and saw 9 of its levels.

You collected 929 gold pieces.
You paid 137 gold pieces to Gozag.

Inventory:

Hand Weapons
 o - a +1 short sword
 v - a +1 dagger of speed (weapon)
Jewellery
 h - a ring of protection from cold (on tentacle)
 p - the ring of Phasing (left tentacle) {EV+8}
   (You found it on level 5 of the Dungeon)

   [ring of evasion]

   It affects your evasion (+8).
 s - a ring of protection from fire (right tentacle)
Wands
 i - a wand of paralysis (17)
 q - a wand of random effects (17)
Scrolls
 c - 6 scrolls of teleportation
 f - 2 scrolls of amnesia
 j - 2 scrolls of immolation
 n - 2 scrolls of enchant weapon
 r - 2 scrolls of random uselessness {unknown}
 u - 3 scrolls of fear
 w - 5 scrolls of identify
 y - a scroll of remove curse
Potions
 d - 2 potions of curing
 g - a potion of heal wounds {unknown}
 k - a potion of brilliance {unknown}
 l - a potion of lignification
 m - 2 potions of haste {unknown}
 t - a potion of magic {unknown}
 z - a potion of degeneration {unknown}
 B - a potion of mutation {unknown}
Books
 a - a book of Conjurations

   Spells                             Type                      Level
   a - Magic Dart                     Conjuration                  1
   b - Searing Ray                    Conjuration                  2
   c - Dazzling Spray                 Conjuration/Hexes            3
   d - Fulminant Prism                Conjuration/Hexes            4
   e - Force Lance                    Conjuration/Translocation    4
   f - Iskenderun's Mystic Blast      Conjuration                  4
 x - a book of Debilitation

   Spells                             Type                      Level
   a - Corona                         Hexes                        1
   b - Slow                           Hexes                        2
   c - Inner Flame                    Hexes/Fire                   3
   d - Portal Projectile              Hexes/Translocation          3
   e - Cause Fear                     Hexes                        4
   f - Leda's Liquefaction            Hexes/Earth                  4
 A - a book of Misfortune

   Spells                             Type                      Level
   a - Confusing Touch                Hexes                        1
   b - Confuse                        Hexes                        3
   c - Gell's Gravitas                Translocation                3
   d - Petrify                        Transmutation/Earth          4
   e - Metabolic Englaciation         Hexes/Ice                    5
   f - Yara's Violent Unravelling     Hexes/Transmutation          5
Comestibles
 b - 13 rations


   Skills:
 - Level 4.7 Fighting
 - Level 2.0 Dodging
 - Level 2.6 Stealth
 + Level 10.2 Spellcasting
 - Level 10.0 Conjurations


You had 22 spell levels left.
You knew the following spells:

 Your Spells              Type           Power        Failure   Level  Hunger
a - Magic Dart            Conj           ####         1%          1    None
b - Searing Ray           Conj           ######       1%          2    None
c - Iskenderun's Mystic   Conj           ######..     1%          4    ##.....


Dungeon Overview and Level Annotations

Branches:
Dungeon (8/15)             Temple (1/1) D:6
   Lair: D:8-11

Altars:
Ashenzari
Cheibriados
Dithmenos
Elyvilon
Fedhas
Gozag
Hepliaklqana
Kikubaaqudgha
Makhleb
Nemelex Xobeh
Okawaru
Qazlal
Ru
Sif Muna
Trog
Uskayaw
Vehumet
Wu Jian
Xom
Yredelemnul
Zin
The Shining One

Shops:
D:5 %

Annotations:
D:4 inc's ghost, amateur OpCj
D:8 Erica; buskinjo's ghost, novice HOFi


Innate Abilities, Weirdness & Mutations

You cannot wear most types of armour.
You are very stealthy in the water. (Stealth+)
You are amphibious.
You can wear up to eight rings at the same time.
You can use your tentacles to constrict eight enemies at once.
Your skin changes colour to match your surroundings (Stealth+).
Your rubbery body absorbs attacks. (AC +1, EV +1)


Message History

The orc wizard hits you but does no damage.
The orc warrior hits you with a flail!
* * * LOW HITPOINT WARNING * * *
You feel better.
You feel less wooden. The orc wizard misses you.
The orc warrior barely misses you.
The orc wizard hits you with a vampiric dagger.
* * * LOW HITPOINT WARNING * * *
You feel very mighty all of a sudden. The orc warrior barely misses you.
The orc wizard hits you with a vampiric dagger.
* * * LOW HITPOINT WARNING * * *
You hit the orc warrior but do no damage.
Your grab misses the orc warrior.
The orc warrior is almost dead.
The orc wizard hits you with a vampiric dagger.
* * * LOW HITPOINT WARNING * * *
The orc warrior hits you with a flail!
You die...
Your body crumbles into a pile of gold.

########)# #+# #.<.....
#)# #.# #####.## #.#
#.##########.# #.#
##.#........#.# ###.####
##....######.#o#
#......###...(.# #.#.#
#.#.##...##....# ####.#.#
#.#.##...###.#.###......#
#.#.....o@o...........###
#.(....################
########


You could see an orc warrior and an orc wizard.

Vanquished Creatures
  Pikel (D:8)
  Psyche (D:7)
  Maurice (D:8)
  Grinder (D:4)
  A hippogriff (D:7)
  A steam dragon (D:8)
  A black bear (D:7)
  2 ice beasts
  A slave (D:8)
  A sky beast (D:5)
  3 phantoms
  2 ogres
  3 centaurs
  3 big kobolds
  4 bullfrogs
  3 scorpions
  10 killer bees
  3 wights (D:8)
  A howler monkey (D:4)
  6 crimson imps
  A centaur zombie (D:6)
  3 hounds
  2 jellies
  An orc wizard (D:5)
  2 orc priests
  3 iguanas
  A gnoll shaman (D:7)
  4 worker ants
  A hound zombie (D:6)
  A howler monkey zombie (D:5)
  2 worker ant zombies
  5 adders
  5 gnolls (D:7)
  2 shadow imps
  An ooze (D:7)
  A worm (D:2)
  2 dart slugs
  6 leopard geckos
  23 orcs
  6 giant cockroaches
  5 goblins
  9 hobgoblins
  11 jackals
  5 quokkas
  10 bats
  8 frilled lizards
  20 kobolds
  A leopard gecko zombie (D:5)
  A quokka skeleton (D:4)
  11 rats
202 creatures vanquished.

Vanquished Creatures (others)
  3 slaves (D:8)
  A quokka skeleton (D:8)
4 creatures vanquished.

Grand Total: 206 creatures vanquished

Notes
Turn   | Place    | Note
-------+----------+-------------------------------------------
     0 | D:1      | inc the Octopode Conjurer began the quest for the Orb.
     0 | D:1      | Reached XP level 1. HP: 11/11 MP: 3/3
   561 | D:1      | Reached XP level 2. HP: 17/17 MP: 3/5
  1038 | D:1      | Reached XP level 3. HP: 21/21 MP: 5/7
  1624 | D:2      | Learned a level 2 spell: Searing Ray
  2149 | D:2      | Found a white marble altar of Elyvilon.
  2858 | D:3      | Reached XP level 4. HP: 26/27 MP: 3/9
  3694 | D:4      | Reached skill level 5 in Spellcasting
  3694 | D:4      | Reached XP level 5. HP: 23/31 MP: 2/12
  3717 | D:4      | Noticed a phantom
  3785 | D:4      | Killed a phantom
  3785 | D:4      | Reached XP level 6. HP: 20/36 MP: 0/14
  4098 | D:4      | Found a shattered altar of Ashenzari.
  4177 | D:4      | Noticed Grinder
  4195 | D:5      | Entered Level 5 of the Dungeon
  4203 | D:5      | Found Harasuit's Food Boutique.
  4334 | D:5      | Learned a level 4 spell: Iskenderun's Mystic Blast
  4723 | D:5      | Reached skill level 5 in Conjurations
  4723 | D:5      | Reached XP level 7. HP: 39/41 MP: 10/16
  4952 | D:5      | Found the ring of Phasing {EV+8}
  5178 | D:5      | Found a white marble altar of Elyvilon.
  5831 | D:6      | Reached XP level 8. HP: 31/46 MP: 12/17
  5927 | D:6      | Found a basalt altar of Yredelemnul.
  6461 | D:4      | Noticed inc's ghost (amateur OpCj)
  6781 | D:4      | Paralysed by Grinder for 2 turns
  6783 | D:4      | Killed Grinder
  7152 | D:6      | Found a staircase to the Ecumenical Temple.
  7171 | Temple   | Entered the Ecumenical Temple
  7178 | Temple   | Became a worshipper of Gozag Ym Sagoz the Greedy
  7318 | D:6      | Reached XP level 9. HP: 51/51 MP: 14/18
  7320 | D:6      | Reached skill level 10 in Conjurations
  7582 | D:6      | Reached skill level 1 in Fighting
  8403 | D:7      | You fall through a shaft!
  8421 | D:8      | Noticed buskinjo's ghost (novice HOFi)
  8698 | D:8      | Noticed Pikel
  8710 | D:8      | Killed Pikel
  8992 | D:8      | Reached XP level 10. HP: 55/65 MP: 6/22
  9208 | D:8      | Noticed Maurice
  9216 | D:8      | Killed Maurice
  9402 | D:8      | Noticed Erica
  9516 | D:7      | Paralysed by an orc for 7 turns
  9668 | D:8      | Noticed Psyche
  9675 | D:7      | Killed Psyche
  9898 | D:7      | Reached skill level 10 in Spellcasting
 10147 | D:7      | Found a shimmering altar of Xom.
 10542 | D:8      | Slain by an orc warrior

Skill      XL: |  1  2  3  4  5  6  7  8  9 10 |
---------------+-------------------------------+-----
Spellcasting   | 3 5 6 8 10 | 10.2
Conjurations   | 5 7 9 10 | 10.0
Fighting       | 4 |  4.7
Dodging        | |  2.0
Stealth        | |  2.6

Action                   |  1- 3 |  4- 6 |  7- 9 | 10-12 || total
-------------------------+-------+-------+-------+-------++-------
Melee: Unarmed           |    18 |     2 |       |       ||    20
       Tentacles         |     7 |     6 |     1 |       ||    14
       Constrict         |     6 |     3 |     1 |       ||    10
       Short sword       |       |    21 |       |       ||    21
       Dagger            |       |       |     7 |    11 ||    18
 Cast: Magic Dart        |    95 |    91 |   184 |    79 ||   449
       Searing Ray       |       |     8 |    35 |    13 ||    56
       Iskenderun's Myst |       |       |     8 |     9 ||    17
  Use: Scroll            |       |     9 |     4 |       ||    13
       Potion            |       |       |       |     4 ||     4
 Stab: Sleeping          |       |     1 |     1 |       ||     2
  Eat: Chunk             |     6 |     6 |     4 |       ||    16
       Ration            |       |       |     4 |     1 ||     5
Armor: Skin              |     3 |     5 |     3 |    12 ||    23
Dodge: Dodged            |    14 |    35 |    88 |    78 ||   215
